Map: Alcyone LE

Players

SubN

  • Race: Zerg Zerg
  • League: Diamond
  • Spawn Location: 7:00

Datamite - Winner!

  • Race: Zerg Zerg
  • League: Diamond
  • Spawn Location: 1:00

VOD

Have the link to the VOD?

Description

Time

  • Played on: Dec. 26, 2023, 11:07 p.m.
  • Length: 8:57
Show
View Real Time Build Order
Export as new Build Order

SubN Zerg 

Build Orders: Pool First 

Get SALT Encoding   

  12  0:00  Drone  
  13  0:12  Overlord  
  13  0:16  Drone  
  14  0:30  Drone x2  
  14  0:34  Drone  
  17  0:37  Extractor  
  16  0:46  Drone  
  17  0:50  Spawning Pool  
  16  1:13  Hatchery  
  16  1:16  Drone  
  16  1:20  Drone  
  16  1:25  Drone  
  18  1:31  Drone  
  19  1:40  Queen  
  21  1:47  Metabolic Boost  
  21  1:54  Overlord  
  21  1:58  Zergling x2  
  22  2:12  Drone x2  
  24  2:23  Drone  
  24  2:27  Queen  
  27  2:31  Drone  
  28  2:42  Overlord x2  
  28  2:47  Drone x2  
  29  3:01  Drone x4  
  29  3:05  Queen  
  35  3:10  Drone x2  
  37  3:26  Drone x2  
  39  3:28  Drone  
  39  3:29  Overlord  
  40  3:40  Extractor  
  39  3:42  Drone x5, Hatchery  
  43  3:51  Roach Warren  
  43  3:54  Evolution Chamber  
  41  3:57  Evolution Chamber  
  40  4:03  Drone x5  
  40  4:06  Extractor  
  40  4:08  Drone x2, Extractor  
  40  4:09  Drone  
  46  4:11  Drone  
  46  4:16  Drone  
  48  4:22  Drone  
  49  4:25  Zerg Ground Armor Level 1, Zerg Missile Weapons Level 1  
  49  4:32  Drone  
  49  4:33  Drone  
  51  4:38  Lair  
  51  4:50  Overlord x3  
  51  4:51  Overlord x3  
  51  5:08  Queen  
  53  5:15  Drone x10  
  63  5:21  Zergling x2  
  63  5:23  Zergling x2  
  65  5:29  Drone x3  
  68  5:38  Drone x8  
  68  5:42  Extractor x2  
  74  5:50  Glial Reconstitution  
  74  5:57  Drone x2  
  74  6:00  Overlord x4  
  76  6:16  Drone  
  76  6:17  Roach x6  
  89  6:20  Zerg Ground Armor Level 2, Zerg Missile Weapons Level 2  
  89  6:23  Drone  
  90  6:27  Infestation Pit  
  90  6:29  Roach x6  
  90  6:32  Overseer  
  101  6:41  Roach x3  
  101  6:42  Roach x2  
  101  6:44  Overlord x2  
  111  6:50  Hatchery  
  111  6:53  Roach x4  
  118  7:03  Roach x5  
  118  7:04  Hive  
  128  7:09  Roach x4  
  136  7:19  Roach x2  
  136  7:20  Roach  
  142  7:25  Roach x2  
  146  7:30  Overlord  
  145  7:48  Overlord, Roach  
  145  7:49  Overlord x2  
  145  7:52  Overlord x4  
  145  7:56  Ravager  
  146  8:01  Roach  
  146  8:11  Roach x13  
  147  8:22  Roach x3  
  147  8:23  Roach x2  
  147  8:34  Roach x5  
  122  8:37  Roach  
  122  8:38  Roach  
Show
View Real Time Build Order
Export as new Build Order

Datamite Zerg - Winner!

Build Orders: Hatch First 

Get SALT Encoding   

  12  0:00  Drone  
  13  0:12  Overlord  
  13  0:16  Drone  
  14  0:31  Drone x2  
  16  0:49  Hatchery  
  15  0:52  Drone  
  15  0:55  Drone  
  17  0:59  Drone  
  18  1:09  Extractor  
  17  1:14  Spawning Pool  
  17  1:17  Drone  
  17  1:20  Drone  
  18  1:27  Drone  
  19  1:41  Overlord  
  19  1:49  Drone  
  20  2:01  Queen x2  
  22  2:02  Zergling x4  
  26  2:12  Drone  
  26  2:13  Drone, Metabolic Boost  
  28  2:24  Overlord  
  28  2:26  Drone  
  29  2:36  Queen  
  31  2:48  Zergling x2  
  31  2:49  Zergling x6  
  35  3:18  Drone x9  
  44  3:20  Hatchery  
  44  3:24  Overlord  
  43  3:40  Drone, Overlord  
  44  3:46  Queen  
  46  3:55  Overlord  
  46  3:57  Drone x6  
  46  3:59  Overlord  
  52  4:08  Evolution Chamber x2  
  50  4:14  Roach Warren  
  49  4:31  Overlord  
  49  4:32  Overlord  
  49  4:33  Drone x9  
  58  4:52  Extractor x2  
  57  4:54  Queen  
  57  4:57  Drone x2  
  57  4:58  Drone x3  
  57  4:59  Drone x3  
  66  5:02  Drone x4  
  66  5:05  Lair  
  70  5:08  Zerg Missile Weapons Level 1  
  70  5:09  Zerg Ground Armor Level 1  
  70  5:14  Drone x2  
  70  5:15  Drone  
  73  5:29  Overlord x3  
  73  5:32  Hatchery  
  72  5:39  Drone  
  72  5:41  Drone  
  72  5:42  Drone x2, Extractor  
  75  5:43  Drone  
  76  5:53  Roach x7  
  90  6:07  Glial Reconstitution  
  90  6:09  Overlord  
  90  6:11  Overlord x2  
  90  6:13  Roach x2  
  94  6:23  Roach x6  
  94  6:25  Overlord x2  
  106  6:33  Pneumatized Carapace  
  106  6:35  Overseer  
  106  6:43  Drone  
  106  6:44  Drone x5  
  112  6:52  Roach  
  112  6:53  Roach x7  
  128  6:56  Queen  
  130  7:14  Roach  
  130  7:15  Roach x10  
  152  7:16  Overlord  
  152  7:17  Overlord x6  
  152  7:28  Overlord x4  
  152  7:39  Roach  
  152  7:40  Roach x6  
  164  7:52  Roach  
  166  7:58  Zergling x2, Extractor  
  166  7:59  Zergling x20  
  166  8:00  Extractor  
  151  8:13  Roach  
  151  8:14  Roach x9  
  151  8:19  Extractor  
  168  8:21  Drone x3  
  168  8:22  Roach x3  
  168  8:30  Roach x2  
  168  8:31  Roach x2  
  157  8:43  Drone  
  157  8:44  Drone x2  
  157  8:45  Drone  
Tags
 
Add a new tag
Caveats
  • Supply blocks, unpowered buildings, or Contaminate may cause inaccurate times.
  • Supply counts are checked every 10 seconds.